 Dungeon Crawl Stone Soup version 0.23-a0-650-ga4d50d4d25 (webtiles) character file.

103593 LLavrengius the Fighter (level 16, -7/120 HPs)
             Began as an Octopode Transmuter on Jan 7, 2019.
             Was an Initiate of Gozag.
             Mangled by Jorgrun
             ... wielding a +0 quarterstaff of crushing
              (8 damage)
             ... on level 2 of the Spider Nest.
             The game lasted 02:41:32 (32018 turns).

LLavrengius the Fighter (Octopode Transmuter)      Turns: 32018, Time: 02:41:32

Health: -7/120     AC:  7    Str: 19    XL:     16   Next: 36%
Magic:  38/38      EV:  2    Int: 25    God:    Gozag
Gold:   588        SH:  0    Dex: 35    Spells: 1/33 levels left

rFire    + + .     SeeInvis .     - Unarmed
rCold    + . .     Gourm    .   (shield currently unavailable)
rNeg     + + +     Faith    .   (helmet currently unavailable)
rPois    ∞         Spirit   .   g - amulet of the acrobat
rElec    +         Reflect  .   d - ring of protection from fire
rCorr    +         Harm     .   t - +3 ring of protection
MR       ++...                  y - ring "Pusekun" {rN+ EV+3 Str+3}
Stlth    ++++++....             F - ring of Wonder {EV+3 Str+2}
HPRegen  0.30/turn              D - +2 ring of protection
MPRegen  0.26/turn              X - ring of Olio {rN+ MP+9 Str+4 Dex+6}
                                I - +5 ring of dexterity
                                Z - ring of protection from magic

@: brilliant, agile, lethally poisoned (-7 -> -7), spider-form, resistant,
petrified, grasped by roots, flying, very slightly contaminated, hasted,
constricted, invisible
A: tiny, almost no armour, stealthy swim, (amphibious), 8 rings, (constrict 8)
a: End Transformation, Potion Petition, Call Merchant, Bribe Branch, Renounce
Religion


You were on level 2 of the Spider Nest.
You worshipped Gozag.
Gozag was pleased with you.
You were not hungry.
You were a venomous arachnid creature.
You visited 5 branches of the dungeon, and saw 25 of its levels.

You collected 10155 gold pieces.
You spent 5724 gold pieces at shops.
You paid 3843 gold pieces to Gozag.

Inventory:

Hand Weapons
 S - a +4 blowgun
Missiles
 a - 523 arrows
 l - 23 javelins (quivered)
 T - 9 curare-tipped needles
Jewellery
 d - a ring of protection from fire (left front leg)
 g - an amulet of the acrobat (around neck)
 t - a +3 ring of protection (right front leg)
 y - the ring "Pusekun" (on tentacle) {rN+ EV+3 Str+3}
   (You bought it in a shop on level 5 of the Dungeon)

   [ring of evasion]

   It affects your evasion (+3).
   It affects your strength (+3).
   It protects you from negative energy.
 D - a +2 ring of protection (on tentacle)
 F - the ring of Wonder (on tentacle) {EV+3 Str+2}
   (You bought it in a shop on level 5 of the Dungeon)

   [ring of evasion]

   It affects your evasion (+3).
   It affects your strength (+2).
 H - an uncursed ring of wizardry
 I - a +5 ring of dexterity (on tentacle)
 N - an uncursed ring of resist corrosion
 V - an uncursed ring of ice
 X - the ring of Olio (on tentacle) {rN+ MP+9 Str+4 Dex+6}
   (You bought it in a shop on level 2 of the Orcish Mines)

   [ring of magical power]

   It affects your strength (+4).
   It affects your dexterity (+6).
   It protects you from negative energy.
   It affects your magic capacity (+9).
 Z - a ring of protection from magic (on tentacle)
Wands
 f - a wand of scattershot (5)
 j - a wand of enslavement (14)
 x - a wand of flame (19)
 A - a wand of disintegration (42)
 J - a wand of digging (6)
 O - a wand of iceblast (5)
Scrolls
 i - 3 scrolls of fear
 k - 13 scrolls of remove curse
 m - 3 scrolls of enchant armour
 r - 3 scrolls of teleportation
 w - a scroll of holy word
 z - 2 scrolls of fog
 C - 2 scrolls of vulnerability
 E - a scroll of summoning
 G - a scroll of blinking
 Q - a scroll of magic mapping
 U - a scroll of silence {unknown}
 Y - a scroll of brand weapon {unknown}
Potions
 e - 2 potions of agility
 h - 3 potions of magic
 n - 5 potions of curing
 p - 3 potions of flight
 s - 2 potions of ambrosia
 u - 6 potions of might
 B - 2 potions of haste
 K - 5 potions of mutation
 M - 2 potions of invisibility
 P - a potion of resistance
 R - a potion of brilliance
Miscellaneous
 b - a box of beasts
 o - 2 sacks of spiders
 q - a phantom mirror
 v - a lightning rod (4/4)
 W - a phial of floods
Comestibles
 c - 21 rations


   Skills:
 + Level 14.8 Fighting
 + Level 9.2 Dodging
 - Level 8.0 Stealth
 + Level 13.6 Unarmed Combat
 - Level 9.0 Spellcasting
 - Level 2.0 Conjurations
 - Level 4.0 Hexes
 - Level 2.0 Translocations
 - Level 12.6 Transmutations
 + Level 3.9 Poison Magic
 - Level 7.0 Evocations


You had one spell level left.
You knew the following spells:

 Your Spells              Type           Power        Failure   Level  Hunger
a - Beastly Appendage     Tmut           ######       1%          1    None
b - Sticks to Snakes      Tmut           ######..     1%          2    None
c - Spider Form           Tmut/Pois      ######....   1%          3    None
d - Yara's Violent Unrav  Hex/Tmut       ######....   1%          5    ####...
e - Confusing Touch       Hex            #####.       1%          1    None
f - Apportation           Tloc           #####.       1%          1    None
g - Ice Form              Ice/Tmut       ######..     1%          4    ##.....
h - Hydra Form            Tmut           ######....   1%          6    ######.
i - Blink                 Tloc           N/A          1%          2    None
j - Irradiate             Conj/Tmut      ######....   2%          5    ####...
k - Poisonous Vapours     Pois/Air       #####.       1%          2    None

Your spell library contained the following spells:

 Spells                   Type           Power        Failure   Level  Hunger
 Animate Skeleton         Necr           N/A          1%          1    None
 Corona                   Hex            #####..      1%          1    None
 Magic Dart               Conj           ####         1%          1    None
 Summon Small Mammal      Summ           ####         1%          1    None
 Ensorcelled Hibernation  Hex/Ice        #####.       1%          2    None
 Slow                     Hex            #####...     1%          2    None
 Confuse                  Hex            #####...     1%          3    None
 Dazzling Spray           Conj/Hex       #####.       1%          3    None
 Tukima's Dance           Hex            #####...     1%          3    None
 Petrify                  Tmut/Erth      ######..     1%          4    ##.....
 Blade Hands              Tmut           ######....   1%          5    ####...
 Call Imp                 Summ           ####....     2%          2    None
 Gell's Gravitas          Tloc           #####.....   2%          3    None
 Mephitic Cloud           Conj/Pois/Air  #####...     2%          3    None
 Conjure Flame            Conj/Fire      ####....     3%          3    None
 Cause Fear               Hex            #####.....   3%          4    ##.....
 Dragon Form              Tmut           ######....   6%          7    #######
 Statue Form              Tmut/Erth      ######...    12%         6    ######.
 Metabolic Englaciation   Hex/Ice        #####.....   13%         5    ####...
 Silence                  Hex/Air        #####.....   13%         5    ####...
 Freezing Cloud           Conj/Ice/Air   ####......   58%         6    ######.
 Deflect Missiles         Chrm/Air       ####......   67%         6    ######.
 Ring of Flames           Chrm/Fire      ####......   98%         7    #######
 Discord                  Hex            #####.....   99%         8    #######


Dungeon Overview and Level Annotations

Branches:
Dungeon (14/15)            Temple (1/1) D:4            Lair (6/6) D:10
  Swamp (0/4) Lair:2       Spider (2/4) Lair:4        Slime (0/5) Lair:6
    Orc (2/2) D:12            Elf (0/3) Orc:2        Vaults (0/5) D:13

Altars:
Ashenzari
Cheibriados
Dithmenos
Elyvilon
Fedhas
Gozag
Hepliaklqana
Kikubaaqudgha
Makhleb
Nemelex Xobeh
Okawaru
Qazlal
Ru
Sif Muna
Trog
Uskayaw
Vehumet
Wu Jian
Xom
Yredelemnul
Zin
The Shining One
Jiyva

Shops:
D:5 =   D:10 !:}%*   Orc:2 [*:=

Annotations:
D:11 Snorg
Spider:2 Arachne, Jorgrun, Nikola


Innate Abilities, Weirdness & Mutations

You cannot wear most types of armour.
You are very stealthy in the water. (Stealth+)
((You are amphibious.))
You can wear up to eight rings at the same time.
((You can use your tentacles to constrict eight enemies at once.))
((Your skin changes colour to match your surroundings (Stealth+).))
((Your rubbery body absorbs attacks. (AC +1, EV +1)))


Message History

The wolf spider hits you! The wolf spider bites you!
* * * LOW HITPOINT WARNING * * *
Jorgrun hits you with a +0 quarterstaff of crushing!
* * * LOW HITPOINT WARNING * * *
x3 The grasping roots constrict you!
The wolf spider hits you!
* * * LOW HITPOINT WARNING * * *
The wolf spider bites you.
* * * LOW HITPOINT WARNING * * *
The wolf spider hits you!
* * * LOW HITPOINT WARNING * * *
The wolf spider bites you!
* * * LOW HITPOINT WARNING * * *
The wolf spider hits you!
* * * LOW HITPOINT WARNING * * *
The wolf spider bites you.
* * * LOW HITPOINT WARNING * * *
Jorgrun says, "May tha earth consume ye!"
Jorgrun hits you with a +0 quarterstaff of crushing.
You die...
Your body crumbles into a pile of gold.

..^....# #...sw...
##.. .#...#.
#........ ^... # .
# #......§. #... .
.)#..#... $.#.
####.#......
###.#### ..#
#.#w.....
##......###...#^
###..#....ss......
#≈≈##.)...sg......
#......##..@##....
$ ##<^...#...## ..
###...##..s#.
#..^.^≈....≈#
#.....#[...^#
##...≈.....##
#≈.≈#≈#..$...
#≈≈≈≈##.))...


You could see Nikola, Jorgrun, 2 wolf spiders and a jumping spider.

Vanquished Creatures
  An entropy weaver (Spider:1)
  Nessos (Lair:4)
  5 dire elephants (Lair:6)
  Josephine (Lair:6)
  7 hydras
  An anaconda (Lair:6)
  3 catoblepae
  2 death knights (D:14)
  3 centaur warriors
  A tengu warrior (D:13)
  5 two-headed ogres
  A vampire mage (D:14)
  6 death yaks
  Sonja (Lair:2)
  A lindwurm (Lair:5)
  Pikel (D:4)
  5 orc knights
  A deep elf mage (D:13)
  3 wolf spiders
  2 oklob plants (Lair:3)
  4 orb spiders
  A phantasmal warrior (D:14)
  2 orc sorcerers (Orc:1)
  3 ugly things
  3 cyclopes (D:13)
  A moth of wrath (Spider:1)
  Maurice (D:9)
  13 elephants
  4 centaur zombies
  Psyche (D:11)
  7 black mambas
  2 gargoyles
  11 spiny frogs
  2 rime drakes (Lair:2)
  3 torpor snails
  10 komodo dragons
  6 demonic crawlers
  3 meliai (Lair:5)
  A polar bear (Lair:6)
  7 jumping spiders
  A troll (D:12)
  A queen bee (Lair:5)
  7 blink frogs
  10 hippogriffs
  21 dream sheep
  A meliai zombie (D:14)
  2 flying skulls (D:14)
  27 redbacks
  59 yaks
  9 tarantellas
  4 wraiths (Lair:6)
  4 wyverns
  4 hogs (D:9)
  5 basilisks
  A human (D:9)
  2 hungry ghosts
  3 steam dragons (D:9)
  3 vampire mosquitoes (D:12)
  Menkaure (D:5)
  Duvessa (D:7)
  4 wargs
  3 insubstantial wisps
  2 soldier ants
  16 water moccasins
  An acid dragon (D:14)
  44 orc warriors
  7 porcupines
  2 sky beasts
  2 slaves (D:4)
  A hornet zombie (D:14)
  2 ice beasts
  3 phantoms
  2 black bears (D:11)
  7 ogres
  An eye of draining (D:13)
  5 wolves (Lair:3)
  9 crocodiles
  14 centaurs
  6 bullfrogs
  Dowan (D:7)
  2 wyvern skeletons
  7 scorpions
  50 killer bees
  An electric eel (Lair:1)
  4 howler monkeys
  10 crimson imps
  2 bullfrog zombies
  2 quasits
  3 hounds
  4 jellies
  3 bullfrog skeletons
  14 orc priests
  7 centaur skeletons
  2 iguanas
  23 orc wizards
  9 worker ants
  3 hound skeletons
  A hound zombie (D:9)
  3 worker ant zombies
  A river rat (Lair:5)
  21 adders
  4 shadow imps
  2 oozes (Lair:6)
  2 worms
  2 dart slugs
  8 leopard geckos
  89 orcs
  3 giant cockroaches (D:2)
  6 hobgoblins
  5 jackals
  9 quokkas
  17 bats
  4 frilled lizards
  6 goblins
  A jackal skeleton (D:4)
  7 kobolds
  A leopard gecko skeleton (D:7)
  A quokka skeleton (D:7)
  9 rats
  9 plants
791 creatures vanquished.

Vanquished Creatures (collateral kills)
  3 hydras
  A death yak (Lair:4)
  A wraith (Lair:6)
  A hound skeleton (D:5)
6 creatures vanquished.

Vanquished Creatures (others)
  2 dancing weapons (D:13)
  A slave (D:5)
  A killer bee (D:10)
  15 fungi
  11 plants
30 creatures vanquished.

Grand Total: 827 creatures vanquished

Notes
Turn   | Place    | Note
-------+----------+-------------------------------------------
     0 | D:1      | LLavrengius the Octopode Transmuter began the quest for the
                  | Orb.
     0 | D:1      | Reached XP level 1. HP: 13/13 MP: 3/3
   255 | D:1      | Reached XP level 2. HP: 18/18 MP: 5/5
   259 | D:1      | Learned a level 2 spell: Sticks to Snakes
   633 | D:2      | Reached XP level 3. HP: 20/23 MP: 6/6
   821 | D:2      | Reached XP level 4. HP: 24/28 MP: 7/7
  1961 | D:3      | Reached skill level 5 in Transmutations
  1961 | D:3      | Reached XP level 5. HP: 17/33 MP: 8/8
  2188 | D:3      | Found a glowing silver altar of Zin.
  2728 | D:4      | Found a staircase to the Ecumenical Temple.
  2751 | Temple   | Entered the Ecumenical Temple
  2902 | Temple   | Became a worshipper of Gozag Ym Sagoz the Greedy
  2907 | Temple   | Learned a level 3 spell: Spider Form
  2941 | D:4      | Noticed a phantom
  3318 | D:4      | Reached XP level 6. HP: 31/38 MP: 9/9
  3921 | D:5      | Entered Level 5 of the Dungeon
  3956 | D:5      | Noticed a slave
  3957 | D:5      | Noticed a slave
  3982 | D:5      | Noticed Pikel
  3982 | D:5      | Noticed a slave
  3982 | D:5      | Noticed a slave
  4000 | D:4      | Killed a slave
  4121 | D:4      | Reached skill level 2 in Fighting
  4206 | D:4      | Reached XP level 7. HP: 43/45 MP: 11/11
  4452 | D:4      | Killed Pikel
  4452 | D:4      | Reached skill level 4 in Fighting
  4452 | D:4      | Reached XP level 8. HP: 33/54 MP: 12/14
  4523 | D:5      | Found an iron altar of Okawaru.
  4966 | D:5      | Found Bireiguo's Jewellery Boutique.
  5004 | D:5      | Bought a +3 ring of protection for 252 gold pieces
  5055 | D:5      | Noticed Menkaure
  5099 | D:5      | Killed Menkaure
  5099 | D:5      | Reached skill level 5 in Spellcasting
  5601 | D:6      | Reached skill level 5 in Fighting
  5803 | D:6      | Found a shattered altar of Ashenzari.
  6422 | D:6      | Reached XP level 9. HP: 48/61 MP: 17/17
  6603 | D:7      | Found a sacrificial altar of Ru.
  6794 | D:5      | Bought the ring "Pusekun" {rN+ EV+3 Str+3} for 462 gold
                  | pieces
  7423 | D:7      | Noticed Duvessa
  7445 | D:7      | Noticed Dowan
  7464 | D:7      | Killed Duvessa
  7464 | D:7      | Reached skill level 1 in Stealth
  7465 | D:7      | Killed Dowan
  7558 | D:7      | Reached skill level 6 in Fighting
  7900 | D:8      | Found a burning altar of Makhleb.
  7975 | D:8      | Reached skill level 5 in Unarmed Combat
  8181 | D:8      | Noticed a two-headed ogre
  8198 | D:8      | Killed a two-headed ogre
  8198 | D:8      | Reached skill level 7 in Fighting
  8198 | D:8      | Reached XP level 10. HP: 71/71 MP: 17/19
  8292 | D:8      | Noticed a two-headed ogre
  8317 | D:8      | Killed a two-headed ogre
  8317 | D:8      | Reached skill level 8 in Fighting
  9014 | D:5      | Bought the ring of Wonder {EV+3 Str+2} for 386 gold pieces
  9167 | D:9      | Noticed a two-headed ogre
  9397 | D:9      | Killed a two-headed ogre
  9397 | D:9      | Reached skill level 9 in Fighting
  9479 | D:9      | Found a white marble altar of Elyvilon.
  9731 | D:9      | Reached XP level 11. HP: 62/80 MP: 18/20
  9752 | D:9      | Found a shadowy altar of Dithmenos.
  9941 | D:9      | Found a blossoming altar of Fedhas.
 10047 | D:9      | Noticed Maurice
 10110 | D:9      | Killed Maurice
 10201 | D:9      | Found a glowing golden altar of the Shining One.
 10280 | D:10     | Entered Level 10 of the Dungeon
 10282 | D:10     | Found a staircase to the Lair.
 10295 | D:10     | Found a shimmering altar of Xom.
 10358 | D:10     | Noticed a two-headed ogre
 10389 | D:10     | Killed a two-headed ogre
 10389 | D:10     | Reached skill level 10 in Fighting
 10672 | D:5      | Bought a +5 ring of dexterity for 494 gold pieces
 10672 | D:5      | Bought a +3 ring of strength for 188 gold pieces
 10681 | D:5      | Learned a level 5 spell: Yara's Violent Unravelling
 10785 | Lair:1   | Entered Level 1 of the Lair of Beasts
 11288 | D:10     | Identified 3 scrolls of acquirement
 11416 | D:11     | Noticed an eight-headed hydra
 11426 | D:11     | Killed an eight-headed hydra
 11426 | D:11     | Reached skill level 1 in Hexes
 11812 | D:11     | Reached skill level 5 in Dodging
 11830 | D:11     | Learned a level 1 spell: Confusing Touch
 11832 | D:11     | Learned a level 1 spell: Apportation
 11932 | D:11     | Noticed Psyche
 11951 | D:11     | Noticed Snorg
 12442 | Lair:1   | Reached XP level 12. HP: 78/88 MP: 23/23
 12912 | Lair:1   | Reached skill level 10 in Unarmed Combat
 13034 | Lair:2   | Found a staircase to the Swamp.
 13559 | Lair:2   | Reached skill level 11 in Fighting
 13579 | Lair:2   | Noticed Sonja
 13582 | Lair:2   | Killed Sonja
 14032 | Lair:2   | Noticed a four-headed hydra
 14041 | Lair:2   | Killed a four-headed hydra
 14669 | Lair:2   | Learned a level 4 spell: Ice Form
 14745 | Lair:3   | Noticed an eight-headed hydra
 14760 | Lair:3   | Killed an eight-headed hydra
 15181 | Lair:3   | Noticed a seven-headed hydra
 15190 | Lair:3   | Killed a seven-headed hydra
 15545 | Lair:3   | Noticed a catoblepas
 15560 | Lair:3   | Killed a catoblepas
 15560 | Lair:3   | Reached skill level 12 in Fighting
 15560 | Lair:3   | Reached XP level 13. HP: 47/97 MP: 21/25
 16240 | D:10     | Bought a book of Transfigurations for 825 gold pieces
 16242 | D:10     | Bought a potion of might for 40 gold pieces
 16242 | D:10     | Bought a potion of curing for 30 gold pieces
 16242 | D:10     | Bought a potion of haste for 100 gold pieces
 16242 | D:10     | Bought a potion of agility for 40 gold pieces
 16242 | D:10     | Bought a potion of might for 40 gold pieces
 16242 | D:10     | Bought a potion of invisibility for 80 gold pieces
 16252 | D:10     | Learned a level 6 spell: Hydra Form
 16937 | Lair:4   | Noticed Nessos
 17063 | D:11     | Found a burning altar of Makhleb.
 17089 | D:11     | Killed Psyche
 17642 | D:12     | Found a staircase to the Orcish Mines.
 18352 | D:12     | Reached skill level 5 in Stealth
 19008 | D:13     | Found a gate to the Vaults.
 19406 | D:13     | Reached skill level 10 in Transmutations
 19975 | Orc:1    | Entered Level 1 of the Orcish Mines
 19980 | Orc:1    | Reached XP level 14. HP: 104/104 MP: 26/26
 20284 | Orc:1    | Reached skill level 13 in Fighting
 20558 | Orc:2    | Entered Level 2 of the Orcish Mines
 20782 | Orc:2    | Found a staircase to the Elven Halls.
 22301 | Orc:2    | Found Puxed's Assorted Antiques.
 22301 | Orc:2    | Found Murawn's Book Shoppe.
 22301 | Orc:2    | Found Ulu Tol's Jewellery Emporium.
 22304 | Orc:2    | Found Kotzieb's Antique Armour Boutique.
 22308 | Orc:2    | Bought a bubbling yellow potion for 26 gold pieces
 22311 | Orc:2    | Bought a scroll of identify for 58 gold pieces
 22314 | Orc:2    | Bought an uncursed ring of ice for 325 gold pieces
 22314 | Orc:2    | Bought an uncursed ring of stealth for 227 gold pieces
 22314 | Orc:2    | Bought the ring of Olio {rN+ MP+9 Str+4 Dex+6} for 678 gold
                  | pieces
 22661 | D:10     | Bought a wand of digging (6) for 200 gold pieces
 22661 | D:10     | Bought a wand of iceblast (5) for 90 gold pieces
 22991 | Lair:4   | Found a hole to the Spider Nest.
 23078 | Lair:4   | Reached skill level 1 in Evocations
 25493 | Lair:5   | Reached XP level 15. HP: 80/112 MP: 27/27
 25586 | Lair:5   | Learned a level 2 spell: Blink
 25592 | Lair:5   | Learned a level 5 spell: Irradiate
 25683 | Lair:5   | Reached skill level 14 in Fighting
 25819 | Lair:5   | Reached skill level 5 in Evocations
 25905 | Lair:6   | Entered Level 6 of the Lair of Beasts
 25921 | Lair:6   | Reached skill level 1 in Conjurations
 26305 | Lair:6   | Found a runed door.
 26308 | Lair:6   | Found a viscous altar of Jiyva.
 26308 | Lair:6   | Found a staircase to the Slime Pits.
 26471 | Lair:6   | Noticed Josephine
 26519 | Lair:6   | Killed Josephine
 28376 | D:10     | Bought a scroll of holy word for 97 gold pieces
 28376 | D:10     | Bought a box of beasts for 260 gold pieces
 28377 | D:10     | Bought a scroll of identify for 26 gold pieces
 28387 | D:10     | Bought a sack of spiders for 200 gold pieces
 28387 | D:10     | Bought a lightning rod (4/4) for 400 gold pieces
 28387 | D:10     | Bought a sack of spiders for 200 gold pieces
 28698 | D:14     | Reached skill level 1 in Translocations
 29576 | Lair:4   | Killed Nessos
 29576 | Lair:4   | Reached XP level 16. HP: 120/120 MP: 28/28
 29992 | Spider:1 | Entered Level 1 of the Spider Nest
 31212 | Spider:1 | Learned a level 2 spell: Poisonous Vapours
 31228 | Spider:2 | Reached skill level 1 in Poison Magic
 31829 | Spider:2 | Noticed Arachne
 32002 | Spider:2 | Noticed Jorgrun
 32012 | Spider:2 | Noticed Nikola
 32018 | Spider:2 | HP: 2/120 [wolf spider (5)]
 32018 | Spider:2 | Mangled by Jorgrun

Vault maps used:
D:1:      wander_arrival_peaceful_grave
D:3:      zin_academy, cheibrodos_sewer_entry_bend
D:4:      old_forge, temple_fountains, hangedman_decor_clover_reticule
D:5:      lemuel_round_altar, first_ration, serial_park_tiny_2,
          minmay_shop_enchanted_jewellery, uniq_menkaure, uniq_pikel
D:6:      nicolae_ashenzari_panopticon
D:7:      nicolae_ru_awakened_eye, uniq_duvessa
D:8:      makhleb_grotto_becter, serial_bayou_pond_a
D:9:      cheibrodos_steamvent, fedhas_bush_and_centaur_altar,
          nicolae_tso_swordbearing_angel, basic_altar, grunt_livestock,
          eino_small_chamber_without_monster,
          nicolae_dithmenos_through_a_glass_darkly, uniq_maurice
D:10:     lair_entry_dummy, basic_altar, wad_rectangle_vault
D:11:     basic_altar, uniq_psyche, uniq_snorg
D:12:     david_orc_3, special_room, serial_aquarium, aquarium_bridge_square,
          aquarium_window_2, aquarium_window_2, aquarium_window_fake,
          aquarium_window_1, aquarium_view_2d, aquarium_view_2c, aquarium_pool_1
D:13:     erik_vaults_1
D:14:     hangedman_screamer, kennysheep_flooded_box
Temple:   nicolae_temple_elliptical
Lair:1:   lemuel_fruit_tree, grunt_megastairs_5, serial_bayou_shore_a
Lair:2:   minmay_swamp_entry_wisps, uniq_sonja
Lair:3:   chequers_serial_rivers_small_a, minmay_lair_oklob_chamber
Lair:4:   spider_nest_entry_rubble, uniq_nessos
Lair:5:   regret_index_bee_streams, nicolae_lair_yak_garden, lemuel_fruit_fields
Lair:6:   due_jungle_book, slime_altar_2, grunt_megastairs_1, uniq_josephine
Spider:2: guppyfry_spider_mini_1, uniq_nikola, uniq_arachne, uniq_jorgrun
Orc:2:    st_orc_rangers

Skill      XL: |  1  2  3  4  5  6  7  8  9 10 11 12 13 14 15 16 |
---------------+-------------------------------------------------+-----
Transmutations | 3 4 5 6 7 8 10 11 12 | 12.6
Fighting       | 2 4 5 7 9 10 12 13 14 | 14.8
Spellcasting   | 3 4 5 6 7 8 9 |  9.0
Unarmed Combat | 6 8 9 11 12 13 | 13.6
Stealth        | 4 7 8 |  8.0
Dodging        | 5 7 8 9 |  9.2
Hexes          | 2 4 |  4.0
Evocations     | 4 7 |  7.0
Conjurations   | 2 |  2.0
Translocations | 2 |  2.0
Poison Magic   | 3 |  3.9

Action                   |  1- 3 |  4- 6 |  7- 9 | 10-12 | 13-15 | 16-18 || total
-------------------------+-------+-------+-------+-------+-------+-------++-------
Melee: Unarmed           |    46 |   170 |   270 |   634 |  1498 |   181 ||  2799
       Constrict         |    12 |    40 |    37 |    45 |    90 |    10 ||   234
       Tentacles         |     5 |    31 |    37 |    71 |   151 |    16 ||   311
       Punch             |       |     4 |     5 |    21 |    63 |     8 ||   101
       Kick              |       |     4 |    22 |    38 |    83 |     3 ||   150
Throw: Javelin           |       |       |     4 |     4 |     9 |     2 ||    19
 Cast: Spider Form       |       |     3 |    14 |    32 |    75 |    10 ||   134
       Beastly Appendage |       |     2 |    10 |    11 |    20 |     2 ||    45
       Sticks to Snakes  |       |       |     4 |    10 |    18 |       ||    32
       Ice Form          |       |       |       |     1 |     1 |       ||     2
       Hydra Form        |       |       |       |       |     9 |     1 ||    10
       Poisonous Vapours |       |       |       |       |       |     1 ||     1
Invok: Call Merchant     |       |       |       |       |     5 |       ||     5
       Potion Petition   |       |       |       |       |       |     2 ||     2
  Use: Scroll            |       |    10 |     3 |     9 |    11 |     3 ||    36
       Potion            |       |       |     4 |       |     1 |       ||     5
 Stab: Sleeping          |     4 |     8 |     6 |    18 |    45 |     5 ||    86
       Distracted        |       |     1 |     2 |     8 |    24 |     5 ||    40
  Eat: Chunk             |       |     6 |       |       |       |       ||     6
       Ration            |       |     1 |     5 |     8 |    15 |     2 ||    31
Armor: Skin              |    13 |    14 |    23 |    45 |    93 |    23 ||   211
Dodge: Dodged            |    33 |   109 |   185 |   551 |  1406 |   359 ||  2643

Table legend:
 A = Non-vault XP
 B = Vault XP
 C = Vault XP percentage of total XP
 D = Non-vault monster count
 E = Vault monster count
 F = Vault count percentage of total count
                 A         B        C        D         E       F
            +---------+---------+-------+---------+---------+-------
      Total |  104936 |   43055 |  29.1 |     579 |     209 |  26.5
            +---------+---------+-------+---------+---------+-------
        D:1 |      14 |       0 |   0.0 |      11 |       0 |   0.0
        D:2 |     136 |       0 |   0.0 |      34 |       0 |   0.0
        D:3 |      61 |       5 |   7.6 |      14 |       1 |   6.7
        D:4 |     137 |    1043 |  88.4 |       8 |      18 |  69.2
        D:5 |     437 |     161 |  26.9 |      10 |       1 |   9.1
        D:6 |     556 |       0 |   0.0 |      13 |       0 |   0.0
        D:7 |     507 |     223 |  30.5 |      18 |       2 |  10.0
        D:8 |    2712 |      50 |   1.8 |      24 |       1 |   4.0
        D:9 |    2384 |    2141 |  47.3 |      29 |      10 |  25.6
       D:10 |    2531 |    1359 |  34.9 |      28 |       4 |  12.5
       D:11 |    2590 |     448 |  14.7 |      28 |       1 |   3.4
       D:12 |    3388 |    1858 |  35.4 |      20 |      32 |  61.5
       D:13 |    7895 |    1808 |  18.6 |      31 |       2 |   6.1
       D:14 |    2741 |    4775 |  63.5 |       7 |      12 |  63.2
     Lair:1 |    2377 |     263 |  10.0 |      13 |       2 |  13.3
     Lair:2 |    6685 |    1122 |  14.4 |      28 |       3 |   9.7
     Lair:3 |    7949 |    1547 |  16.3 |      27 |       3 |  10.0
     Lair:4 |    9712 |    1511 |  13.5 |      25 |       2 |   7.4
     Lair:5 |    7878 |   11491 |  59.3 |      23 |      56 |  70.9
     Lair:6 |   23159 |    5418 |  19.0 |      62 |      17 |  21.5
   Spider:1 |    8941 |       0 |   0.0 |      25 |       0 |   0.0
   Spider:2 |    7688 |    1547 |  16.8 |      26 |       7 |  21.2
      Orc:1 |    3112 |     468 |  13.1 |      46 |       5 |   9.8
      Orc:2 |    1346 |    5817 |  81.2 |      29 |      30 |  50.8
            +---------+---------+-------+---------+---------+-------
